AoeStats
← Heli Jacob

Arena

509647826Analyzed
1v1 RM · 5d ago on Sep 27, 2026· 31m 58s· 2 players
Game mode
Random Map
Map size
Tiny (2 player)
Population
200
Speed
Normal
Resources
Standard
Victory
Conquest
Starting age
Dark Age
Ending age
Imperial Age
RankedLock teamsTeams togetherTeam positionsShared explorationLock speedFull tech treeHidden civsTurbo modeCheats
Victory
Defeat
🇿🇦 Turks · South Africa
889
+16
🇩🇪 Khmer · Germany
897
-16
Heli Jacob
9:53 Feudal Age
11:31 Loom
11:49 Double-Bit Axe
16:07 Castle Age
19:08 Gold Mining
22:47 Imperial Age
Tequilla
3:28 Loom
10:22 Feudal Age
15:14 Castle Age
13:57 Stone Mining
15:37 Horse Collar
15:45 Double-Bit Axe
19:26 Gold Mining
22:37 Bow Saw
25:29 Padded Archer Armor
26:59 Scale Mail Armor
27:10 Forging
27:06 Loom
27:31 Pikeman
31:09 Chain Mail Armor
Connection lost

Rejoining the realm…

Still unreachable

The connection could not be restored.

Session expired

The server has moved on; the page needs a fresh start.